 Dungeon Crawl Stone Soup version 0.30-a0-223-gcb0039aa0c (webtiles) character file.

Game seed: 16222812597632066160

59 qw the Chopper (level 4, -6/28 HPs)
             Began as a Gargoyle Fighter on Oct 9, 2022.
             Killed from afar by Sigmund (10 damage)
             ... with a puff of flame
             ... on level 2 of the Dungeon.
             The game lasted 00:00:40 (962 turns).

qw the Chopper (Gargoyle Fighter)                    Turns: 962, Time: 00:00:40

Health: -6/28      AC: 16    Str: 22    XL:     4   Next: 3%
Magic:  4/4        EV:  6    Int:  8    God:
Gold:   75         SH:  4    Dex:  9    Spells: 3/3 levels left

rFire   . . .      SeeInvis .    Y - +1 war axe
rCold   . . .      Faith    .    c - +0 buckler
rNeg    + . .      Spirit   .    o - +0 plate armour
rPois   inf        Reflect  .    (no helmet)
rElec   +          Harm     .    j - +0 cloak
rCorr   .          Rampage  .    (no gloves)
Will    .....                    (no boots)
Stlth   ..........               (no amulet)
HPRegen 0.24/turn                (no ring)
MPRegen 0.09/turn                (no ring)

@: no status effects
A: sickness immunity, AC +3, negative energy resistance 1, electricity
resistance, torment resistance 1, petrification resistance
a: no special abilities


You were on level 2 of the Dungeon.
You visited 1 branch of the dungeon, and saw 2 of its levels.

You collected 75 gold pieces.


Innate Abilities, Weirdness & Mutations

You are immune to sickness and miasma.
Your stone body is resilient. (AC +3)
You are immune to poison.
You resist negative energy. (rN+)
You are resistant to electric shocks. (rElec)
You are resistant to unholy torment.
You are immune to petrification.


   Skills:
 - Level 3.2 Fighting
 + Level 3.8 Axes
 - Level 3.2 Armour
 - Level 3.2 Shields


You had 3 spell levels left.
You didn't know any spells.
Your spell library was empty.

Inventory:

Hand Weapons
 b - a +0 whip of electrocution
 Y - a +1 war axe (weapon)
Missiles
 l - 3 silver boomerangs (quivered)
Armour
 c - a +0 buckler (worn)
 j - a +0 cloak (worn)
 o - a +0 plate armour (worn)
Jewellery
 i - a ring of ice
Scrolls
 a - a scroll of identify
Potions
 d - a potion of might
 g - a potion of heal wounds {unknown}
 h - a potion of cancellation
 k - a potion of curing {unknown}
 m - a potion of berserk rage {unknown}
 p - a potion of flight {unknown}

Dungeon Overview and Level Annotations

Branches:
Dungeon (2/15)

Altars:

Annotations:
D:2 Sigmund


Message History

The endoplasm freezes you.
You are frozen.
You slash the endoplasm!
You kill the endoplasm!
Something hits you but does no damage.
You slash the jackal skeleton!
You destroy the jackal skeleton!
You block something's attack.
You swing at nothing.
Something hits you.
You swing at nothing.
Something hits you.
You swing at nothing.
Something hits you but does no damage.
You swing at nothing.
You feel less wooden.
Your +0 cloak unmelds from your body.
Your +0 plate armour unmelds from your body.
Something hits you but does no damage.
You swing at nothing.
Something hits you but does no damage.
You swing at nothing.
You swing at nothing.
You hear some strange, mumbled words.
Something tries to affect you, but you resist.
Something hits you.
You swing at nothing.
You block something's attack.
You swing at nothing.
You swing at nothing.
Something hits you but does no damage.
You swing at nothing.
Something hits you but does no damage.
You swing at nothing.
Something hits you but does no damage.
You swing at nothing.
You hear some strange, mumbled words.
A puff of flame appears from out of thin air!
The puff of flame hits you!
You die...

#....!... #
#.......
..##......# #
........# ..
#......# ...
#......# ....
###...<..# .8...
...$......##......
#.###.>...@.......
#.#.{###....>>
#...#. .....
...###Z. .#.. #...
.. # . ...


KS. ... !.. There were no monsters in sight!

Vanquished Creatures
  A worm (D:1)
  A dart slug (D:1)
  5 bats
  A bat zombie (D:2)
  4 endoplasms
  A goblin (D:1)
  4 hobgoblins (D:1)
  11 jackals (D:1)
  5 quokkas (D:1)
  A frilled lizard (D:1)
  A jackal skeleton (D:2)
  5 kobolds (D:1)
  7 rats (D:1)
47 creatures vanquished.

Notes
Turn   | Place    | Note
-------+----------+-------------------------------------------
     0 | D:1      | qw the Gargoyle Fighter began the quest for the Orb.
     0 | D:1      | Reached XP level 1. HP: 14/14 MP: 1/1
     0 | D:1      | 0 ||| qw: Version: 0.2-a-17-g06abaee
     0 | D:1      | 0 ||| qw: Game counter: 2204
     0 | D:1      | 0 ||| qw: Always use a shield: true
     0 | D:1      | 0 ||| qw: God list: Okawaru
     0 | D:1      | 0 ||| qw: Allow faded altars: false
     0 | D:1      | 0 ||| qw: Do Orc after D:15 true
     0 | D:1      | 0 ||| qw: Do second Lair branch before Depths: true
     0 | D:1      | 0 ||| qw: Lair rune preference: random
     0 | D:1      | 0 ||| qw: Plans: Normal, Zot:1-4, God:TSO, Crypt, Tomb,
                  | Pan, Slime:5, Hells, Abyss, Orb
     0 | D:1      | 0 ||| PLANNING D:1-11
   179 | D:1      | 179 ||| Stepping ~*~*~tactically~*~*~ (hiding).
   185 | D:1      | HP: 2/14 [kobold/+0 dagger of flaming (2)]
   189 | D:1      | Reached XP level 2. HP: 4/19 MP: 2/2
   270 | D:1      | 270 ||| Stepping ~*~*~tactically~*~*~ (stealth).
   337 | D:1      | 337 ||| Stepping ~*~*~tactically~*~*~ (stealth).
   342 | D:1      | 342 ||| Stepping ~*~*~tactically~*~*~ (stealth).
   354 | D:1      | Reached skill level 3 in Axes
   364 | D:1      | 364 ||| Stepping ~*~*~tactically~*~*~ (stealth).
   377 | D:1      | Reached XP level 3. HP: 23/23 MP: 3/3
   381 | D:1      | Found a faded altar of an unknown god.
   591 | D:1      | 591 ||| Stepping ~*~*~tactically~*~*~ (stealth).
   597 | D:1      | 597 ||| Stepping ~*~*~tactically~*~*~ (stealth).
   822 | D:1      | 822 ||| UPGRADING to +0 cloak.
   827 | D:1      | 827 ||| UPGRADING to +0 plate armour.
   837 | D:1      | 837 ||| DROPPING +0 scale mail.
   838 | D:1      | 838 ||| READING 2 scrolls labelled ZERHIZIBRAMNA.
   839 | D:1      | 839 ||| READING 2 scrolls labelled PONYITWOVO.
   840 | D:1      | 840 ||| READING scroll labelled HINEXIAGRESH.
   841 | D:1      | 841 ||| DRINKING 2 ruby potions.
   842 | D:1      | 842 ||| DROPPING scroll of noise.
   870 | D:2      | 870 ||| STAIRDANCE
   882 | D:2      | 882 ||| STAIRDANCE
   889 | D:2      | Noticed Sigmund
   890 | D:2      | 890 ||| STAIRDANCE
   947 | D:2      | Reached XP level 4. HP: 16/28 MP: 4/4
   947 | D:2      | HP: 10/42 [frozen (3)]
   956 | D:2      | HP: 2/28 [something (3)]
   962 | D:2      | Killed from afar by Sigmund

Levels and vault maps discovered:
D:1:      saegor_arrival_simple_e, layout_rooms,
          hellmonk_ecumenical_altar_dog_temple, serial_curves, eino_curves_04,
          eino_curves_04, eino_curves_03, minmay_vboxes
D:2:      kennysheep_the_goblin_king, layout_rooms, basic_altar, serial_undead,
          serial_undead_f, serial_undead_f, serial_undead_a, serial_undead_d,
          uniq_crazy_yiuf_cottage, uniq_sigmund

Skill      XL: |  1  2 |
---------------+-------+-----
Axes           | 2 3 |  3.8
Fighting       | |  3.2
Armour         | |  3.2
Shields        | |  3.2

Action                   |  1- 3 |  4- 6 || total
-------------------------+-------+-------++-------
Melee: War axe           |   140 |     3 ||   143
Throw: Boomerang         |    14 |       ||    14
  Use: Scroll            |     3 |       ||     3
       Potion            |     1 |       ||     1
Armor: Scale mail        |    75 |       ||    75
       Plate armour      |    25 |     5 ||    30
       Skin              |    11 |     2 ||    13
Dodge: Dodged            |    71 |       ||    71
Block: Buckler           |    39 |     3 ||    42

Table legend:
 A = Non-vault XP
 B = Vault XP
 C = Vault XP percentage of total XP
 D = Non-vault monster count
 E = Vault monster count
 F = Vault count percentage of total count
                 A         B        C        D         E       F
            +---------+---------+-------+---------+---------+-------
      Total |      70 |      15 |  17.6 |      39 |       8 |  17.0
            +---------+---------+-------+---------+---------+-------
        D:1 |      64 |      12 |  15.8 |      36 |       6 |  14.3
        D:2 |       6 |       3 |  33.3 |       3 |       2 |  40.0
            +---------+---------+-------+---------+---------+-------
